 Dungeon Crawl Stone Soup version 0.30-b1-2-g02819fbbbe (webtiles) character file.

Game seed: 15457803607070475904

703 grindst0ne the Trooper (level 7, -1/66 HPs)
             Began as a Minotaur Fighter on May 14, 2023.
             Was a Follower of Cheibriados.
             Slain by Maggie
             ... wielding a +0 glaive
              (9 damage)
             ... on level 6 of the Dungeon.
             The game lasted 00:14:18 (3959 turns).

grindst0ne the Trooper (Minotaur Fighter)           Turns: 3959, Time: 00:14:19

Health: -1/66      AC:  9    Str: 23    XL:     7   Next: 39%
Magic:  7/7        EV:  9    Int:  7    God:    Cheibriados [*.....]
Gold:   350        SH:  5    Dex: 13    Spells: 6/6 levels left

rFire   + . .        k - +3 dagger (vamp)
rCold   . . .        c - +0 buckler
rNeg    . . .        b - +0 scale mail {rF+}
rPois   .            (helmet restricted)
rElec   .            A - +0 cloak
rCorr   .            (no gloves)
SInv    .            h - +0 pair of boots
Will    .....        i - amulet of regeneration Stlth
                     (no ring)
HPRegen 1.11/turn    (no ring)
MPRegen 0.10/turn

%: no passive effects
@: very slow
A: horns 2, retaliatory headbutt
a: Renounce Religion, Bend Time


You were on level 6 of the Dungeon.
You worshipped Cheibriados.
Cheibriados was aware of your devotion.
You visited 1 branch of the dungeon, and saw 6 of its levels.
You also visited: Ossuary.

You collected 350 gold pieces.

Inventory:

Hand Weapons
 a - a +0 war axe
 k - a +3 vampiric dagger (weapon)
Missiles
 B - a throwing net (quivered)
 C - 5 silver javelins
Armour
 b - a +0 scale mail of fire resistance (worn)
 c - a +0 buckler (worn)
 h - a +0 pair of boots (worn)
 A - a +0 cloak (worn)
Jewellery
 i - an amulet of regeneration (around neck)
 v - an amulet of faith
Wands
 D - a wand of mindburst (6)
Scrolls
 j - a scroll of vulnerability {unknown}
 l - 2 scrolls of enchant weapon {unknown}
 m - a scroll of magic mapping {unknown}
 n - 3 scrolls of teleportation
 o - a scroll of brand weapon {unknown}
 p - 2 scrolls of blinking {unknown}
 r - 2 scrolls of immolation {unknown}
 u - 2 scrolls of fear {unknown}
 E - 2 scrolls of torment
Potions
 d - 2 potions of might
 e - a potion of invisibility
 f - 3 potions of curing
 g - 2 potions of lignification {unknown}
 q - 2 potions of flight
 s - 3 potions of mutation
 t - 2 potions of magic {unknown}
 w - 3 potions of brilliance {unknown}
 F - 5 potions of heal wounds {unknown}


   Skills:
 + Level 7.2 Fighting
 + Level 6.7 Axes
 + Level 4.1 Armour
 - Level 3.6 Shields
 + Level 1.6 Invocations
 + Level 1.5 Evocations


You had 6 spell levels left.
You didn't know any spells.
Your spell library contained the following spells:

 Spells                   Type           Power      Damage    Failure   Level
 Ensorcelled Hibernation  Hex/Ice        0%         N/A       91%         2
 Spider Form              Tmut/Pois      0%         N/A       99%         3
 Anguish                  Hex/Necr       0%         N/A       100%        4


Dungeon Overview and Level Annotations

Branches:
Dungeon (6/15)             Temple (0/1) D:5         Ossuary (visited)

Altars:
Cheibriados
Dithmenos
Hepliaklqana
Makhleb
Okawaru
Yredelemnul
Zin

Shops:
D:4 :

Annotations:
D:3 3 runed translucent doors, p0werm0de's ghost, amateur MiFi
D:6 Maggie


Innate Abilities, Weirdness & Mutations

You have a pair of horns on your head.
You reflexively headbutt those who attack you in melee.


Message History

Okay, then.
Maggie closely misses you.
Maggie says, "Leave now, and tell all of Margery's mercy!"
Maggie hits you with a +0 glaive!
You hit Maggie but do no damage.
Maggie is moderately wounded.
Maggie casts a spell at you. The bolt of fire hits you. You resist.
You hit Maggie but do no damage. You headbutt Maggie, but do no damage.
Maggie is moderately wounded.
Maggie casts a spell at you. The bolt of fire hits you! You resist.
You barely miss Maggie.
Maggie is moderately wounded.
Maggie hits you with a +0 glaive!
* * * LOW HITPOINT WARNING * * *
You completely miss Maggie.
Maggie is moderately wounded.
Maggie closely misses you. You furiously retaliate!
You headbutt Maggie!
Okay, then.
Okay, then.
Okay, then.
You feel better. Maggie hits you with a +0 glaive!!
* * * LOW HITPOINT WARNING * * *
Okay, then.
Okay, then.
Okay, then.
Okay, then.
Okay, then.
Okay, then.
You hit Maggie.
You feel better.
Maggie is heavily wounded.
Maggie gives herself a magical halo, but it quickly sputters out.
Maggie points at you and mumbles some strange words.
The bolt of fire hits you. You resist.
* * * LOW HITPOINT WARNING * * *
You hit Maggie but do no damage. You headbutt Maggie, but do no damage.
Maggie is heavily wounded.
Maggie hits you with a +0 glaive!
You die...

.$. #.. ##..
#.... #....
#..#####
#.@##..##
#..@....#
#.......#
#.......#
#.......#
#..##.###
#......#'#####
#......#.....#
#......#.....+
#......#.....#


You could see Maggie.

Vanquished Creatures
  A black bear (D:5)
  A phantom (D:4)
  2 howler monkeys (D:5)
  A human zombie (Ossuary)
  Crazy Yiuf (D:3)
  An orc priest (D:5)
  A hound (D:6)
  Jessica (D:2)
  An orc wizard (D:5)
  4 mummies (Ossuary)
  7 adders
  4 gnolls
  2 white imps (D:5)
  An adder zombie (Ossuary)
  2 worms (D:2)
  2 dart slugs
  9 orcs (D:5)
  8 ball pythons
  8 endoplasms
  3 giant cockroaches
  A gnoll zombie (Ossuary)
  10 goblins
  8 hobgoblins
  7 quokkas
  3 bats
  2 frilled lizards
  A goblin zombie (Ossuary)
  A hobgoblin zombie (Ossuary)
  2 jackal zombies (Ossuary)
  12 kobolds
  A kobold zombie (Ossuary)
  4 orc zombies (Ossuary)
  6 rats
118 creatures vanquished.

Notes
Turn   | Place    | Note
-------+----------+-------------------------------------------
     0 | D:1      | grindst0ne the Minotaur Fighter began the quest for the
                  | Orb.
     0 | D:1      | Reached XP level 1. HP: 19/19 MP: 0/0
    74 | D:1      | Reached skill level 4 in Fighting
    89 | D:1      | Reached XP level 2. HP: 20/27 MP: 1/1
   313 | D:1      | Reached XP level 3. HP: 32/34 MP: 2/2
   702 | D:2      | Noticed Jessica
   711 | D:2      | Killed Jessica
   712 | D:2      | Reached skill level 5 in Fighting
   712 | D:2      | Reached XP level 4. HP: 34/42 MP: 3/3
  1239 | D:3      | Found a hazy altar of Hepliaklqana.
  1303 | D:3      | Found a runed translucent gate.
  1303 | D:3      | Found a runed translucent gate.
  1303 | D:3      | Noticed p0werm0de's ghost (amateur MiFi)
  1304 | D:3      | Found a runed translucent gate.
  1334 | D:3      | Identified the +0 hammer of Accidental Termination {spect,
                  | Drain Will+++ Int-3 Dex+5}
  1349 | D:3      | Found a runed translucent door.
  1350 | D:3      | Noticed Crazy Yiuf
  1358 | D:3      | Killed Crazy Yiuf
  1359 | D:3      | Reached XP level 5. HP: 34/49 MP: 4/4
  1537 | D:3      | Reached skill level 5 in Axes
  1832 | D:3      | Found a burning altar of Makhleb.
  1834 | D:3      | Noticed a balrug
  2008 | D:4      | Reached skill level 6 in Fighting
  2022 | D:4      | Found Urghur's Vocational Training.
  2052 | D:4      | Found a glowing silver altar of Zin.
  2068 | D:4      | Found a snail-covered altar of Cheibriados.
  2070 | D:4      | Found a basalt altar of Yredelemnul.
  2082 | D:4      | Found a shadowy altar of Dithmenos.
  2086 | D:4      | Became a worshipper of Cheibriados the Contemplative
  2157 | D:4      | Found an iron altar of Okawaru.
  2209 | D:4      | Found a sand-covered staircase.
  2218 | Ossuary  | Entered an ossuary
  2252 | Ossuary  | Reached XP level 6. HP: 43/57 MP: 5/5
  3338 | D:5      | Entered Level 5 of the Dungeon
  3490 | D:5      | Reached * piety under Cheibriados
  3491 | D:5      | Reached skill level 7 in Fighting
  3491 | D:5      | Reached skill level 1 in Invocations
  3545 | D:5      | Reached skill level 1 in Evocations
  3564 | D:5      | Reached XP level 7. HP: 63/66 MP: 5/7
  3663 | D:5      | Found a staircase to the Ecumenical Temple.
  3945 | D:6      | Noticed Maggie
  3959 | D:6      | Slain by Maggie

Illustrated notes

Levels and vault maps discovered:
D:1:      minmay_arrival_hallway, layout_basic, serial_bayou_pond_e
D:2:      layout_basic, minivault_24, uniq_jessica
D:3:      layout_loops_ring, nicolae_hepliaklqana_hippocampus,
          makhleb_altar_promises_db, gammafunk_ghost_split,
          kennysheep_generic_room_10, uniq_crazy_yiuf_cottage
D:4:      layout_layer_cave, okawaru_gym_becter,
          nicolae_overflow_quartered_altars, nicolae_ossuary_entry_ruins,
          nicolae_shop_vocational
D:5:      layout_basic, minmay_temple_entry_enclosed_plants
D:6:      layout_gridville, nicolae_qazlal_scattered_showers, uniq_maggie

Skill      XL: |  1  2  3  4  5  6  7 |
---------------+----------------------+-----
Fighting       | 4 5 6 7 |  7.2
Axes           | 3 4 5 6 |  6.7
Invocations    | 1 |  1.6
Evocations     | 1 |  1.5
Armour         | 4 |  4.1
Shields        | |  3.6

Action                     |  1- 3 |  4- 6 |  7- 9 || total
---------------------------+-------+-------+-------++-------
  Melee: War axe           |    35 |       |       ||    35
         Headbutt          |     8 |    36 |    11 ||    55
         Dagger            |    51 |   261 |    47 ||   359
  Evoke: Wand              |       |       |     2 ||     2
    Use: Scroll            |       |     5 |     1 ||     6
         Potion            |       |       |     1 ||     1
 Armour: Scale mail        |    49 |   155 |     6 ||   210
         Chain mail        |       |     9 |    13 ||    22
  Dodge: Dodged            |    37 |   128 |    13 ||   178
  Block: Buckler           |    19 |    63 |     8 ||    90
